Map: Abyssal Reef LE

Players

SortOf

  • Race: Zerg Zerg
  • Spawn Location: 11:00

puCK (Nina) - Winner!

  • Race: Protoss Protoss
  • Spawn Location: 5:00

Event: WCS Montreal 2017

VOD

Have the link to the VOD?

Description

Time

  • Played on: Sept. 8, 2017, 3:38 p.m.
  • Length: 16:33

All games in this series

Show
View Real Time Build Order
Export as new Build Order

SortOf Zerg 

Build Orders: Hatch First 

Get SALT Encoding   

  12  0:01  Drone  
  13  0:12  Overlord  
  13  0:17  Drone  
  14  0:31  Drone x2  
  17  0:50  Drone x2  
  18  0:59  Drone  
  18  1:00  Hatchery  
  18  1:04  Extractor  
  18  1:08  Drone  
  18  1:18  Spawning Pool  
  18  1:22  Drone  
  18  1:29  Drone  
  19  1:38  Overlord  
  19  1:52  Drone  
  20  2:05  Queen  
  20  2:07  Zergling x2  
  23  2:11  Queen  
  23  2:12  Zergling x2  
  23  2:13  Drone  
  23  2:14  Metabolic Boost  
  27  2:22  Drone x2  
  29  2:38  Hatchery  
  29  2:39  Drone  
  29  2:40  Drone  
  29  2:43  Drone  
  31  2:48  Overlord  
  31  2:54  Queen  
  33  2:58  Drone  
  33  3:00  Drone  
  35  3:06  Drone x2  
  35  3:12  Spore Crawler  
  35  3:14  Drone  
  35  3:17  Drone x3  
  35  3:18  Overlord  
  40  3:26  Overlord  
  40  3:30  Queen, Drone  
  43  3:38  Zergling x2  
  44  3:43  Spore Crawler x2  
  44  3:44  Zergling x2  
  42  3:51  Drone  
  42  3:52  Drone x2  
  42  3:53  Zergling x2  
  42  3:54  Drone x2  
  47  4:03  Drone x2, Evolution Chamber  
  47  4:06  Drone  
  48  4:13  Drone x2  
  48  4:15  Zergling x4  
  51  4:17  Drone  
  51  4:20  Drone  
  51  4:22  Drone x2  
  53  4:28  Overlord  
  53  4:29  Queen, Extractor  
  53  4:30  Drone x3  
  57  4:33  Drone  
  57  4:34  Drone  
  59  4:41  Overlord  
  59  4:42  Drone x2  
  61  4:45  Spore Crawler  
  61  4:47  Overlord  
  61  4:48  Drone  
  61  4:53  Drone x2  
  61  4:55  Zergling x6  
  61  4:58  Drone x2  
  68  5:02  Drone x2  
  68  5:03  Drone x2  
  68  5:04  Drone  
  68  5:06  Drone  
  68  5:07  Drone  
  73  5:10  Extractor x2  
  73  5:12  Zerg Melee Weapons Level 1  
  72  5:14  Drone  
  72  5:18  Drone x2  
  74  5:24  Overlord, Drone x3  
  74  5:27  Lair  
  78  5:28  Drone  
  78  5:32  Overlord  
  78  5:35  Drone x2  
  80  5:37  Drone  
  80  5:39  Drone  
  80  5:46  Drone  
  80  5:47  Baneling Nest  
  80  5:48  Extractor  
  80  5:49  Extractor  
  77  5:55  Drone x2  
  77  5:56  Drone  
  79  5:58  Drone x3  
  79  6:00  Queen  
  79  6:02  Overlord  
  84  6:05  Drone x3  
  84  6:06  Zergling x6, Hatchery  
  84  6:08  Overlord  
  88  6:12  Drone  
  89  6:30  Hatchery  
  89  6:31  Centrifical Hooks  
  88  6:32  Hydralisk Den  
  88  6:35  Spore Crawler  
  88  6:36  Spore Crawler  
  88  6:37  Drone x3  
  86  6:42  Drone x9  
  94  6:50  Overlord  
  94  6:51  Overlord  
  94  6:57  Drone  
  94  6:58  Drone x2  
  94  6:59  Overlord  
  97  7:02  Muscular Augments, Hydralisk  
  97  7:03  Hydralisk x3  
  97  7:05  Overlord  
  105  7:12  Drone, Hydralisk  
  105  7:13  Extractor, Hydralisk x2  
  111  7:19  Hydralisk x3  
  117  7:29  Hydralisk x4  
  120  7:31  Drone  
  120  7:32  Drone  
  120  7:34  Hydralisk x3  
  120  7:36  Overseer  
  132  7:37  Zerg Melee Weapons Level 2  
  132  7:42  Hydralisk x2  
  136  7:45  Zergling x4  
  136  7:46  Overlord  
  136  7:48  Zergling x2  
  139  7:55  Zergling x4  
  139  7:56  Baneling  
  139  7:57  Baneling x9  
  141  8:01  Zergling x16  
  141  8:05  Overlord  
  149  8:12  Baneling  
  149  8:13  Baneling x6  
  149  8:14  Zergling x6  
  149  8:15  Overlord, Zergling x10  
  149  8:16  Overlord  
  150  8:29  Zergling x2  
  150  8:31  Baneling x2  
  150  8:32  Baneling x13  
  145  8:36  Zergling x14, Hydralisk x2  
  145  8:37  Zergling x18  
  162  8:42  Baneling x4  
  162  8:46  Zergling x2  
  157  8:50  Hydralisk  
  157  8:55  Hydralisk x3  
  147  9:01  Zergling x24  
  147  9:02  Zergling x2  
  156  9:03  Baneling x6  
  156  9:09  Zergling x4  
  156  9:11  Zergling x8  
  156  9:16  Zergling x8  
  156  9:17  Zergling x2  
  150  9:18  Baneling x2  
  150  9:19  Baneling  
  131  9:25  Drone x7  
  136  9:31  Drone  
  136  9:34  Drone x2  
  136  9:36  Drone  
  134  9:50  Hydralisk  
  134  9:51  Zergling x6, Hydralisk x2  
  134  9:52  Zergling x10  
  148  9:57  Drone  
  148  9:58  Drone x2  
  151  10:04  Drone x3  
  154  10:12  Zergling x4  
  154  10:13  Zergling x2  
  157  10:19  Zergling x8  
  151  10:31  Zergling x14  
  151  10:34  Zergling x2  
  145  10:38  Baneling x8  
  144  10:44  Zergling x10  
  146  10:51  Baneling x15  
  146  10:54  Zergling x4  
  146  10:55  Zergling x20  
  158  11:02  Hydralisk x3  
  158  11:03  Zergling x2  
  140  11:13  Zergling x6  
  140  11:14  Hydralisk x3  
  133  11:20  Hydralisk  
  127  11:27  Drone x2  
  127  11:28  Drone  
  127  11:32  Zergling x12  
  136  11:33  Hatchery  
  136  11:37  Zergling x14  
  136  11:38  Zergling x2  
  137  11:41  Zergling x4  
  137  11:43  Zergling x2  
  139  11:49  Zergling x4  
  139  11:50  Zergling x2  
  140  11:54  Baneling  
  140  11:55  Zergling x4, Baneling x11  
  140  11:56  Zergling x2  
  140  12:00  Zergling x12  
  148  12:04  Baneling  
  148  12:05  Baneling x10  
  145  12:09  Zergling x12  
  145  12:15  Zergling x4  
  123  12:24  Zergling x2  
  123  12:25  Zergling x8  
  98  12:37  Overseer  
  98  12:38  Hatchery  
  98  12:39  Overlord  
  98  12:41  Hatchery  
  96  12:48  Baneling x9  
  96  12:59  Hydralisk x5  
  106  13:10  Drone x4  
  110  13:13  Hydralisk x3  
  116  13:34  Hydralisk x6  
  116  13:35  Zergling x2  
  116  13:38  Baneling x3  
  129  13:43  Zergling x4  
  129  13:44  Zergling x2  
  132  13:52  Zergling x10  
  137  13:58  Baneling x2  
  137  13:59  Zergling x8  
  141  14:06  Baneling x8  
  141  14:13  Hydralisk x3  
  141  14:14  Zergling x2  
  141  14:15  Overlord  
  148  14:23  Baneling x11  
  148  14:32  Zergling x10  
  148  14:33  Zergling x6  
  155  14:44  Zergling x2  
  155  14:45  Zergling x16  
  158  14:56  Baneling x8  
  158  14:57  Baneling x11  
  158  15:03  Zergling x2  
  158  15:04  Zergling x8  
  158  15:15  Zergling x2  
  158  15:19  Zergling x2  
  158  15:20  Zergling x8  
  163  15:28  Zergling x4  
  142  15:36  Zergling x4, Hydralisk  
  142  15:37  Zergling x22, Hydralisk  
  142  15:41  Zergling x4  
  133  15:44  Baneling x7  
  133  15:58  Zergling x2  
  128  16:08  Baneling x20  
  128  16:09  Baneling  
  128  16:10  Hatchery  
  122  16:12  Zergling x14  
Show
View Real Time Build Order
Export as new Build Order

puCK Protoss - Winner!

Build Orders: 1 Gate Expand, Oracle Opening, Archon Immortal 

Get SALT Encoding   

  12  0:01  Probe (Chrono Boost)  
  13  0:11  Probe (Chrono Boost)  
  14  0:20  Pylon  
  14  0:22  Probe (Chrono Boost)  
  15  0:38  Probe (Chrono Boost)  
  16  0:43  Gateway  
  16  0:49  Probe (Chrono Boost)  
  17  0:52  Assimilator  
  17  0:59  Probe (Chrono Boost)  
  18  1:10  Probe (Chrono Boost)  
  19  1:23  Nexus  
  19  1:26  Probe (Chrono Boost)  
  20  1:39  Cybernetics Core  
  21  1:40  Probe (Chrono Boost)  
  21  1:45  Assimilator  
  21  1:50  Probe (Chrono Boost)  
  22  1:56  Pylon  
  22  2:01  Probe (Chrono Boost)  
  23  2:14  Probe (Chrono Boost)  
  23  2:15  Warp Gate, Adept (Chrono Boost)  
  26  2:26  Probe  
  27  2:30  Stargate  
  27  2:34  Probe  
  28  2:38  Probe  
  28  2:43  Adept (Chrono Boost)  
  31  2:45  Probe  
  31  2:51  Probe  
  33  2:55  Probe  
  34  3:06  Probe x2, Adept (Chrono Boost)  
  38  3:15  Oracle (Chrono Boost)  
  38  3:16  Probe  
  38  3:18  Probe  
  43  3:22  Pylon  
  43  3:26  Gateway  
  43  3:27  Probe  
  43  3:30  Probe  
  45  3:36  Pylon  
  45  3:37  Probe  
  46  3:43  Mothership Core  
  46  3:48  Probe  
  49  3:58  Probe  
  49  4:01  Oracle (Chrono Boost)  
  53  4:04  Probe  
  53  4:09  Nexus  
  54  4:11  Probe  
  54  4:12  Pylon  
  54  4:16  Probe  
  56  4:23  Probe  
  56  4:28  Probe  
  56  4:29  Assimilator  
  56  4:30  Forge  
  58  4:32  Assimilator  
  58  4:33  Probe  
  58  4:34  Void Ray (Chrono Boost)  
  63  4:40  Probe  
  63  4:44  Probe  
  63  4:45  Pylon  
  65  4:53  Probe  
  65  4:54  Probe  
  65  4:55  Robotics Facility  
  67  5:05  Probe x2  
  67  5:12  Protoss Ground Weapons Level 1  
  67  5:13  Twilight Council  
  65  5:15  Probe  
  65  5:17  Probe  
  65  5:21  Probe, Gateway  
  67  5:23  Gateway  
  67  5:26  Probe, Gateway  
  69  5:29  Probe  
  69  5:33  Robotics Facility  
  69  5:34  Probe  
  70  5:36  Pylon  
  70  5:38  Adept  
  74  5:42  Probe  
  74  5:45  Probe  
  74  5:48  Warp Prism (Chrono Boost)  
  77  5:50  Charge  
  77  5:55  Probe  
  77  5:56  Probe  
  79  5:58  Probe  
  79  5:59  Assimilator x2  
  79  6:02  Sentry x2  
  84  6:06  Probe  
  84  6:08  Probe  
  84  6:11  Probe, Gateway  
  87  6:14  Templar Archives  
  87  6:16  Probe  
  87  6:17  Gateway  
  88  6:24  Immortal (Chrono Boost)  
  92  6:27  Immortal (Chrono Boost)  
  96  6:48  Psionic Storm  
  96  6:53  Photon Cannon, Nexus  
  96  6:56  Photon Cannon, Adept  
  96  6:57  Adept  
  100  7:08  Pylon  
  100  7:09  Pylon  
  100  7:11  Protoss Ground Weapons Level 2  
  100  7:19  Immortal (Chrono Boost)  
  100  7:26  High Templar x2, Pylon  
  100  7:27  Immortal (Chrono Boost)  
  100  7:28  Probe  
  105  7:38  Pylon  
  105  7:39  Pylon  
  105  7:42  Gateway x2  
  105  7:43  Photon Cannon  
  105  7:44  Probe  
  106  7:45  Pylon  
  106  7:48  High Templar x2  
  110  7:53  Probe, Immortal (Chrono Boost)  
  110  7:54  Gateway  
  110  7:55  Assimilator  
  110  7:57  Pylon  
  115  8:01  Assimilator  
  115  8:02  Immortal (Chrono Boost)  
  115  8:05  Probe  
  120  8:15  High Templar x2  
  120  8:19  Pylon x2  
  124  8:25  Zealot x5  
  124  8:26  Archon  
  129  8:39  Immortal (Chrono Boost)  
  133  8:42  Mothership Core, Immortal (Chrono Boost)  
  133  8:49  Archon  
  118  8:57  Zealot x4  
  118  8:58  Zealot x3  
  122  9:04  Zealot x3  
  126  9:10  Probe x2  
  121  9:18  Zealot x5  
  121  9:19  Zealot x2  
  118  9:28  Probe  
  117  9:37  High Templar  
  117  9:38  High Templar x4  
  107  9:39  High Templar x2  
  107  9:44  Immortal (Chrono Boost), Archon x3  
  107  9:45  Immortal (Chrono Boost)  
  119  9:48  Pylon  
  119  9:53  High Templar  
  119  9:57  Nexus  
  121  10:01  Pylon  
  121  10:08  High Templar  
  121  10:12  Pylon  
  123  10:15  Photon Cannon  
  123  10:18  Observer (Chrono Boost)  
  123  10:19  Observer (Chrono Boost)  
  123  10:20  High Templar  
  124  10:22  Zealot x3  
  126  10:36  High Templar  
  126  10:37  Probe  
  129  10:43  Zealot  
  129  10:44  Zealot  
  129  10:47  Cybernetics Core  
  129  10:49  Zealot  
  135  10:50  High Templar, Zealot x2  
  141  11:02  High Templar x2  
  141  11:03  Probe  
  144  11:09  Cybernetics Core  
  138  11:14  Probe  
  118  11:22  Probe  
  119  11:30  Zealot  
  119  11:31  Zealot x6  
  119  11:32  Zealot  
  133  11:45  Zealot x2  
  121  12:00  Zealot x6  
  121  12:01  Zealot x2  
  85  12:30  High Templar x3  
  85  12:32  Immortal x2 (Chrono Boost)  
  79  12:38  High Templar x4  
  79  12:39  Zealot x3  
  79  12:43  Archon x2  
  93  12:59  Nexus  
  93  13:00  High Templar x3  
  93  13:05  Archon  
  99  13:06  High Templar, Immortal (Chrono Boost)  
  99  13:08  High Templar  
  99  13:11  Warp Prism (Chrono Boost)  
  99  13:12  Archon  
  109  13:19  Nexus  
  108  13:22  High Templar  
  108  13:23  Pylon  
  108  13:24  Zealot  
  108  13:25  Zealot x3, Pylon  
  108  13:26  Pylon  
  118  13:42  High Templar x2  
  118  13:43  Photon Cannon  
  118  13:44  Zealot x2  
  118  13:45  Photon Cannon, Zealot  
  118  13:46  High Templar  
  118  13:47  Archon  
  130  13:58  Observer (Chrono Boost)  
  130  13:59  Immortal (Chrono Boost)  
  130  14:00  Probe x2  
  136  14:09  Pylon  
  136  14:12  Assimilator  
  136  14:17  High Templar  
  136  14:18  High Templar  
  136  14:20  Zealot x2  
  136  14:22  Archon  
  144  14:28  High Templar  
  146  14:33  Probe x2  
  150  14:46  High Templar, Immortal (Chrono Boost)  
  150  14:48  Photon Cannon  
  152  15:05  High Templar x2  
  156  15:10  Archon  
  156  15:23  Nexus, Immortal x2 (Chrono Boost)  
  153  15:42  High Templar x2  
  151  15:43  Zealot x4  
  151  15:47  Archon  
  151  15:49  Zealot x2  
  167  15:57  Immortal (Chrono Boost)  
  165  16:05  Zealot x3  
  170  16:20  High Templar x3  
  170  16:21  High Templar  
  178  16:25  Archon  
  178  16:26  Archon  
Tags
 
Add a new tag
Caveats
  • Supply blocks, unpowered buildings, or Contaminate may cause inaccurate times.
  • Supply counts are checked every 10 seconds.